 Dungeon Crawl Stone Soup version 0.24-a0-182-gc7eaa07 (webtiles) character file.

Game seed: 9612165758512470324

126 TheGoonsmith the Chopper (level 4, -1/35 HPs)
             Began as a Demonspawn Gladiator on Mar 12, 2019.
             Killed from afar by an orc wizard (8 damage)
             ... with a puff of frost
             ... on level 3 of the Dungeon on Mar 14, 2019.
             The game lasted 00:05:10 (2023 turns).

TheGoonsmith the Chopper (Demonspawn Gladiator)     Turns: 2023, Time: 00:05:11

Health: -1/35      AC:  9    Str: 15    XL:     4   Next: 83%
Magic:  4/4        EV:  7    Int: 10    God:
Gold:   238        SH:  0    Dex: 14    Spells: 3/3 levels left

rFire    . . .     SeeInvis .   a - +0 war axe
rCold    . . .     Gourm    .   (no shield)
rNeg     . . .     Faith    .   i - +0 chain mail
rPois    .         Spirit   .   (helmet restricted)
rElec    .         Reflect  .   (no cloak)
rCorr    .         Harm     .   (no gloves)
MR       .....                  o - +0 pair of boots (curse)
Stlth    ..........             (no amulet)
HPRegen  0.11/turn              (no ring)
MPRegen  0.09/turn              (no ring)

@: slowed, very slow
A: claws 1, hooves 1, horns 1
a: no special abilities


You were on level 3 of the Dungeon.
You were hungry.

You visited 1 branch of the dungeon, and saw 3 of its levels.

You collected 238 gold pieces.

Inventory:

Hand Weapons
 a - a +0 war axe (weapon)
Missiles
 d - 3 throwing nets (quivered)
Armour
 b - a +0 leather armour
 c - a +0 helmet
 i - a +0 chain mail (worn)
 o - a cursed +0 pair of boots (worn)
Jewellery
 h - an uncursed amulet of faith
 k - a cursed ring of attention {unknown}
 n - a +1 ring of evasion {unknown}
 p - a cursed -3 ring of protection {unknown}
 q - an uncursed ring of see invisible {unknown}
Scrolls
 e - 6 scrolls of identify {unknown}
 j - a scroll of remove curse {unknown}
 l - a scroll of teleportation {unknown}
 r - a scroll of enchant armour {unknown}
Potions
 g - a potion of might {unknown}
 m - a potion of magic {unknown}
Comestibles
 f - 3 rations


   Skills:
 - Level 3.0 Fighting
 * Level 4.4 Axes
 - Level 1.7 Throwing
 - Level 3.0 Dodging


You had 3 spell levels left.
You didn't know any spells.
Your spell library was empty.

Dungeon Overview and Level Annotations

Branches:
Dungeon (3/15)

Altars:
Elyvilon
Zin
The Shining One


Innate Abilities, Weirdness & Mutations

You have sharp fingernails.
You have large cloven feet.
You have a pair of small horns on your head.


Message History

The orc wizard hits you with a +0 dagger.
You closely miss the orc wizard.
The orc wizard is almost dead.
You closely miss the orc wizard. You barely miss the orc wizard.
The orc wizard hits you but does no damage. x4
The orc wizard points at you and mumbles some strange words.
The magic dart hits you.
The orc wizard gestures at you while chanting.
The magic dart hits you!
* * * LOW HITPOINT WARNING * * *
The orc wizard hits you but does no damage.
The orc wizard hits you with a +0 dagger.
* * * LOW HITPOINT WARNING * * *
You are too injured to fight recklessly!
Unknown command.
The orc wizard closely misses you. The orc wizard completely misses you.
The orc wizard hits you but does no damage.
The orc wizard points at you and mumbles some strange words.
The puff of frost hits you!
You die...

. #. #. .# #. .# #. #.#
#.##.## #.# . #oo#..#
#.# #..###oo##.# #.#
#.).#.##.#######.#
##.#.@†..........##
#...................####
####.#...#.#####....†...
#.##.##.# #.##.#### #
#.##.# #.##.# # #....#
#.##.#### ####.#
#.##..... #.# #.##.####
####.##.#


You could see 3 orc wizards and an orc.

Vanquished Creatures
  5 adders
  An ooze (D:1)
  3 dart slugs
  3 leopard geckos
  An orc (D:3)
  A bat skeleton (D:2)
  4 giant cockroaches
  10 goblins
  4 hobgoblins
  4 jackals (D:3)
  2 ball pythons
  10 bats
  4 frilled lizards
  8 kobolds
  8 rats
68 creatures vanquished.

Notes
Turn   | Place    | Note
-------+----------+-------------------------------------------
     0 | D:1      | TheGoonsmith the Demonspawn Gladiator began the quest for
                  | the Orb.
     0 | D:1      | Reached XP level 1. HP: 16/16 MP: 1/1
   109 | D:1      | Reached skill level 3 in Axes
   109 | D:1      | Gained mutation: You have large cloven feet. [demonic
                  | ancestry]
   109 | D:1      | Reached XP level 2. HP: 22/22 MP: 2/2
   615 | D:2      | Gained mutation: You have sharp fingernails. [demonic
                  | ancestry]
   615 | D:2      | Reached XP level 3. HP: 28/28 MP: 3/3
   635 | D:2      | Found a white marble altar of Elyvilon.
   636 | D:2      | Found a glowing golden altar of the Shining One.
   637 | D:2      | Found a glowing silver altar of Zin.
   891 | D:2      | Found a faded altar of an unknown god.
   981 | D:2      | Upgraded the game from 0.24-a0-174-g1e70621 to
                  | 0.24-a0-182-gc7eaa07
  1064 | D:2      | Gained mutation: You have a pair of small horns on your
                  | head. [demonic ancestry]
  1064 | D:2      | Reached XP level 4. HP: 17/34 MP: 4/4
  1633 | D:3      | Reached skill level 4 in Axes
  2023 | D:3      | Killed from afar by an orc wizard

Levels and vault maps discovered:
D:1:      lightli_arrival_maybe_door_vault, layout_loops_ring,
          minmay_misc_feat_hallway
D:2:      cheibrodos_old_hovel, layout_loops_ring, good_gods_temple_1,
          chequers_ecumenical_altar_island, minmay_fractal_squares_5
D:3:      layout_loops_ring, trog_butcher_becter

Skill      XL: |  1  2  3  4 |
---------------+-------------+-----
Axes           | 3 4 |  4.4
Dodging        | 3 |  3.0
Fighting       | 3 |  3.0
Throwing       | |  1.7

Action                   |  1- 3 |  4- 6 || total
-------------------------+-------+-------++-------
Melee: War axe           |   127 |    81 ||   208
       Kick              |    14 |       ||    14
       Headbutt          |       |     6 ||     6
  Use: Potion            |     4 |       ||     4
 Stab: Sleeping          |     2 |       ||     2
  Eat: Chunk             |     1 |     2 ||     3
Armor: Leather armour    |    45 |       ||    45
       Chain mail        |       |    82 ||    82
Dodge: Dodged            |   116 |    48 ||   164

Table legend:
 A = Non-vault XP
 B = Vault XP
 C = Vault XP percentage of total XP
 D = Non-vault monster count
 E = Vault monster count
 F = Vault count percentage of total count
                 A         B        C        D         E       F
            +---------+---------+-------+---------+---------+-------
      Total |     169 |      11 |   6.1 |      61 |       7 |  10.3
            +---------+---------+-------+---------+---------+-------
        D:1 |      39 |       0 |   0.0 |      17 |       0 |   0.0
        D:2 |      60 |      11 |  15.5 |      26 |       7 |  21.2
        D:3 |      70 |       0 |   0.0 |      18 |       0 |   0.0
            +---------+---------+-------+---------+---------+-------
